 Dungeon Crawl Stone Soup version 0.27-a0-1434-g6f15984924 (webtiles) character file.

Game seed: 4227872081612449781

117075 mandarbmax the Impaler (level 16, -1/132 HPs)
             Began as a Merfolk Berserker on July 3, 2021.
             Was a High Priest of Trog.
             Slain by a 19-headed hydra (3 damage)
             ... on level 15 of the Dungeon.
             The game lasted 01:01:30 (29736 turns).

mandarbmax the Impaler (Merfolk Berserker)         Turns: 29736, Time: 01:01:31

Health: -1/132     AC: 18    Str: 22    XL:     16   Next: 73%
Magic:  0/16       EV: 27    Int: 10    God:    Trog [*****.]
Gold:   205        SH:  0    Dex: 23    Spells: 15/15 levels left

rFire    + + .     SeeInvis .   E - +6 glaive (spect)
rCold    + + .     Faith    .   (shield currently unavailable)
rNeg     + . .     Spirit   +   z - +5 ring mail of Parlour Games {rElec rPois rC+ Int-3}
rPois    +         Reflect  .   b - -2 hat of the Alchemist {rElec rPois rF+ rC+ rN+ Will+ rMut rCorr}
rElec    +         Harm     .   M - scarf {shadows}
rCorr    +         Rampage  .   q - +2 pair of gloves {Str+3}
rMut     +                      N - +0 pair of boots {Stlth+}
Will     ++++.                  A - amulet of guardian spirit
Stlth    +++++.....             G - ring of the Circus Animal {AC+4 Dex+3}
HPRegen  1.32/turn              Y - ring "Hacisy" {rF+ Str+2 Int+6}
MPRegen  0.15/turn

@: strong-willed, on berserk cooldown, regenerating, slowed, studying Unarmed
Combat, very slow
A: (nimble swimmer 2), mertail
a: Renounce Religion, Berserk, Trog's Hand, Brothers in Arms


You were on level 15 of the Dungeon.
You worshipped Trog.
Trog was extremely pleased with you.
You visited 3 branches of the dungeon, and saw 23 of its levels.
You also visited: Ice Cave and Volcano.

You collected 2470 gold pieces.
You spent 2265 gold pieces at shops.

Inventory:

Hand Weapons
 g - a +5 vorpal bardiche
 E - a +6 spectral glaive (weapon)
 L - the +5 trident "Newtbane" {venom, rF+ Will+ Str+3}
   (You took it off a spriggan on level 11 of the Dungeon)

   It poisons the flesh of those it strikes.
   Str:       It affects your strength (+3).
   rF:        It protects you from fire.
   Will:      It increases your willpower.
 X - a +1 demon trident of electrocution
Missiles
 k - 14 silver boomerangs
 l - 38 boomerangs (quivered)
 n - 6 throwing nets
 o - 7 atropa-tipped darts
 w - 6 boomerangs of dispersal
 F - 54 poisoned darts
 J - 10 curare-tipped darts
 U - 5 javelins
Armour
 b - the -2 hat of the Alchemist (worn) {rElec rPois rF+ rC+ rN+ Will+ rMut rCorr}
   (You bought it in a shop on level 2 of the Orcish Mines)

   rF:        It protects you from fire.
   rC:        It protects you from cold.
   rElec:     It insulates you from electricity.
   rPois:     It protects you from poison.
   rN:        It protects you from negative energy.
   rCorr:     It protects you from acid and corrosion.
   rMut:      It protects you from mutation.
   Will:      It increases your willpower.
 q - a +2 pair of gloves of strength (worn)
 y - a +2 helmet of see invisible
 z - the +5 ring mail of Parlour Games (worn) {rElec rPois rC+ Int-3}
   (You bought it in a shop on level 9 of the Dungeon)

   Int:       It affects your intelligence (-3).
   rC:        It protects you from cold.
   rElec:     It insulates you from electricity.
   rPois:     It protects you from poison.
 M - a scarf of shadows (worn)
 N - a +0 pair of boots of stealth (worn)
Jewellery
 A - an amulet of guardian spirit (around neck)
 D - a +6 ring of dexterity
 G - the ring of the Circus Animal (left hand) {AC+4 Dex+3}
   (You found it on level 11 of the Dungeon)

   [ring of protection]

   AC:        It affects your AC (+4).
   Dex:       It affects your dexterity (+3).
 Q - a +4 ring of slaying
 R - the ring "Barasuvo" {rC+ Int+2 Slay+2}
   (You found it in an ice cave)

   [ring of protection from cold]

   Int:       It affects your intelligence (+2).
   Slay:      It affects your accuracy & damage with ranged weapons and melee
   (+2).
   rC:        It protects you from cold.
 T - a ring of resist corrosion
 Y - the ring "Hacisy" (right hand) {rF+ Str+2 Int+6}
   (You found it on level 5 of the Lair of Beasts)

   [ring of intelligence]

   Str:       It affects your strength (+2).
   Int:       It affects your intelligence (+6).
   rF:        It protects you from fire.
Wands
 d - a wand of paralysis (9)
 i - a wand of polymorph (10)
 t - a wand of iceblast (26)
 u - a wand of digging (15)
 C - a wand of charming (10)
 Z - a wand of mindburst (13)
Scrolls
 a - 3 scrolls of torment
 m - a scroll of vulnerability
 p - 5 scrolls of teleportation
 x - a scroll of holy word
 B - 3 scrolls of immolation
 H - 2 scrolls of fear
 K - 4 scrolls of fog
 O - 3 scrolls of blinking
Potions
 e - 2 potions of flight
 f - 8 potions of curing
 j - a potion of mutation
 r - a potion of heal wounds
 s - 2 potions of cancellation
 v - 3 potions of haste
 I - 2 potions of ambrosia
 P - 4 potions of might
 W - a potion of resistance
Miscellaneous
 c - a phial of floods
 h - a box of beasts (inert)


   Skills:
 + Level 13.9 Fighting
 - Level 20.0 Polearms
 - Level 6.0 Throwing
 + Level 7.2 Armour
 + Level 19.8 Dodging
 - Level 8.0 Stealth
 + Level 8.4 Evocations


You had 15 spell levels left.
You didn't know any spells.
Your spell library contained the following spells:

 Spells                   Type           Power      Damage    Failure   Level
 Animate Skeleton         Necr           0%         N/A       50%         1
 Apportation              Tloc           0%         N/A       50%         1
 Beastly Appendage        Tmut           0%         N/A       50%         1
 Corona                   Hex            0%         N/A       50%         1
 Foxfire                  Conj/Fire      0%         2x1d4     50%         1
 Freeze                   Ice            0%         1d3       50%         1
 Magic Dart               Conj           0%         1d3       50%         1
 Pain                     Necr           0%         1d4       50%         1
 Summon Small Mammal      Summ           0%         N/A       50%         1
 Call Imp                 Summ           0%         N/A       65%         2
 Corpse Rot               Necr/Air       N/A        N/A       65%         2
 Poisonous Vapours        Pois/Air       0%         N/A       65%         2
 Slow                     Hex            0%         N/A       65%         2
 Sublimation of Blood     Necr           0%         N/A       65%         2
 Wereblood                Tmut           0%         N/A       65%         2
 Call Canine Familiar     Summ           0%         N/A       86%         3
 Confusing Touch          Hex            0%         N/A       86%         3
 Conjure Flame            Conj/Fire      0%         6-21      86%         3
 Dazzling Flash           Conj/Hex       0%         N/A       86%         3
 Frozen Ramparts          Ice            0%         1d2       86%         3
 Gell's Gravitas          Tloc           0%         N/A       86%         3
 Ignite Poison            Fire/Tmut/Pois 0%         N/A       86%         3
 Inner Flame              Hex/Fire       0%         N/A       86%         3
 Mephitic Cloud           Conj/Pois/Air  0%         N/A       86%         3
 Ozocubu's Armour         Ice            0%         N/A       86%         3
 Portal Projectile        Hex/Tloc       0%         N/A       86%         3
 Spider Form              Tmut/Pois      0%         N/A       86%         3
 Summon Guardian Golem    Hex/Summ       0%         N/A       86%         3
 Teleport Other           Tloc           0%         N/A       86%         3
 Tukima's Dance           Hex            0%         N/A       86%         3
 Vampiric Draining        Necr           0%         2d6       86%         3
 Animate Armour           Summ/Erth      0%         N/A       99%         4
 Dispel Undead            Necr           0%         3d6       99%         4
 Fulminant Prism          Conj/Hex       0%         3d6       99%         4
 Hailstorm                Conj/Ice       0%         3d3       99%         4
 Ice Form                 Ice/Tmut       0%         N/A       99%         4
 Iskenderun's Mystic Bla  Conj/Tloc      0%         2d3       99%         4
 Leda's Liquefaction      Hex/Erth       0%         N/A       99%         4
 Passage of Golubria      Tloc           N/A        N/A       99%         4
 Petrify                  Tmut/Erth      0%         N/A       99%         4
 Sticky Flame             Conj/Fire      0%         2d3       99%         4
 Summon Ice Beast         Ice/Summ       0%         N/A       99%         4
 Agony                    Necr           0%         N/A       100%        5
 Alistair's Intoxication  Tmut/Pois      0%         N/A       100%        5
 Blade Hands              Tmut           0%         N/A       100%        5
 Borgnjor's Vile Clutch   Necr/Erth      0%         N/A       100%        5
 Excruciating Wounds      Necr           0%         N/A       100%        5
 Freezing Cloud           Conj/Ice/Air   0%         6-21      100%        5
 Irradiate                Conj/Tmut      0%         3d13      100%        5
 Lee's Rapid Deconstruct  Erth           0%         3d5*      100%        5
 Silence                  Hex/Air        0%         N/A       100%        5
 Yara's Violent Unravell  Hex/Tmut       0%         3d3       100%        5
 Death Channel            Necr           0%         N/A       100%        6
 Dispersal                Tloc           0%         N/A       100%        6
 Eringya's Noxious Bog    Tmut/Pois      0%         N/A       100%        6
 Iron Shot                Conj/Erth      0%         9d1       100%        6
 Malign Gateway           Summ/Tloc      0%         N/A       100%        7
 Summon Horrible Things   Summ           0%         N/A       100%        8


Dungeon Overview and Level Annotations

Branches:
Dungeon (15/15)            Temple (0/1) D:5            Lair (6/6) D:9
 Shoals (0/4) Lair:3       Spider (0/4) Lair:3        Slime (0/5) Lair:5
    Orc (2/2) D:12            Elf (0/3) Orc:2        Vaults (0/5) D:14
  IceCv (visited)         Volcano (visited)
 Depths: D:15

Altars:
Ashenzari
Dithmenos
Elyvilon
Hepliaklqana
Makhleb
Nemelex Xobeh
Okawaru
Uskayaw
Vehumet
Xom
Yredelemnul
Zin
The Shining One

Shops:
D:4 [   D:6 (*   D:9 [   Orc:2 :(*[

Portals:
Trove: D:11 (give 3 potions of resistance)

Annotations:
Lair:1 3 runed translucent doors, atabob's ghost, journeyman GnWn


Innate Abilities, Weirdness & Mutations

((You are quick and stealthy near water. (Stealth+, EV+, Speed+++)))
Your lower body shifts to a powerful aquatic tail in water.


Message History

Your troll claws the boulder beetle but does no damage.
Your troll claws the boulder beetle!
The 19-headed hydra completely misses you.
The 19-headed hydra closely misses you. x3; The 19-headed hydra bites you.
* * * LOW HITPOINT WARNING * * *
The 19-headed hydra bites you but does no damage. x2
The 19-headed hydra completely misses you.
The 19-headed hydra bites you but does no damage. x2
The 19-headed hydra bites you!
* * * LOW HITPOINT WARNING * * *
The 19-headed hydra closely misses you. x2; The 19-headed hydra misses you.
The 19-headed hydra completely misses you. x3
The 19-headed hydra bites you!
* * * LOW HITPOINT WARNING * * *
The 19-headed hydra misses you. The boulder beetle bites your troll!
Unknown command.
Your troll bites the boulder beetle but does no damage.
Your troll claws the boulder beetle!
Your troll claws the boulder beetle.
Your troll bites the boulder beetle.
Your troll claws the boulder beetle.
Your troll claws the boulder beetle!
The boulder beetle dies!
Trog accepts your kill.
Your troll rages.
The 19-headed hydra bites you but does no damage.
The 19-headed hydra bites you.
* * * LOW HITPOINT WARNING * * *
The 19-headed hydra completely misses you.
The 19-headed hydra closely misses you.
The 19-headed hydra completely misses you. x3
The 19-headed hydra bites you.
* * * LOW HITPOINT WARNING * * *
The 19-headed hydra barely misses you.
The 19-headed hydra completely misses you. x3
The 19-headed hydra bites you.
* * * LOW HITPOINT WARNING * * *
The 19-headed hydra completely misses you. x2
The 19-headed hydra bites you!
* * * LOW HITPOINT WARNING * * *
The 19-headed hydra bites you.
You die...

#...## .....# #.#
..).# ##.##
###.#.####(..###
#.....$........#
#####.....####...#.###
......@D.T...†.)).....
#####.....).....)..#.#
#.....)...#)##.#.#
#####))#.##†##.#.##
#..#.##y.......
#..#.........#
#..#######†..#
#..#######...#
#............#


You could see a 19-headed hydra (ally target) and a friendly troll (summoned,
berserk).

Vanquished Creatures
  A frost giant (IceCv)
  The ghost of Ruicvywi the Grappler, a journeyman OgTm of Okawaru (Lair:3)
  Snorg (D:13)
  A fire dragon (Lair:6)
  Josephine (D:11)
  8 hydras
  An ice dragon (D:12)
  A rakshasa (D:10)
  A vault guard (D:14)
  6 boulder beetles
  Erolcha (D:13)
  A death knight (D:11)
  3 catoblepae
  Harold (D:7)
  The ghost of Aneyh the Spear-Bearer, a journeyman HuMo of Hepliaklqana (D:11)
  2 ogre magi
  Erica (Orc:1)
  2 centaur warriors
  4 two-headed ogres
  22 death yaks
  Urug (Lair:2)
  An orc high priest (Orc:2)
  Sonja (Lair:3)
  A deep elf knight (Orc:2)
  A skeletal warrior (D:11)
  A fire crab (shapeshifter) (D:13)
  2 phantasmal warriors (D:12)
  2 orc knights
  A lindwurm (Lair:6)
  A deep elf zephyrmancer (Orc:2)
  A deep elf pyromancer (Orc:2)
  3 manticores
  An orc sorcerer (Orc:2)
  An ugly thing (D:10)
  2 cyclopes
  4 oklob plants (Lair:1)
  A wolf spider (D:10)
  A mana viper (shapeshifter) (D:10)
  7 elephants
  3 merfolk sirens (Lair:3)
  4 black mambas
  An ice statue (IceCv)
  4 molten gargoyles
  A torpor snail (Lair:6)
  3 gargoyles
  Psyche (D:9)
  10 cane toads
  5 rime drakes
  An unseen horror (D:13)
  19 komodo dragons
  2 freezing wraiths
  2 efreet
  A merfolk (Lair:3)
  2 jumping spiders (Lair:3)
  21 polar bears
  6 trolls
  2 slime creatures (Lair:5)
  26 blink frogs
  Prince Ribbit (Lair:2)
  5 dream sheep (Lair:6)
  A meliai zombie (D:11)
  A centaur simulacrum (D:15)
  4 flying skulls (D:11)
  A redback (Lair:3)
  4 spriggans
  7 shadows
  4 wraiths
  A vampire (D:11)
  7 wyverns
  62 yaks
  10 basilisks
  Grum (D:9)
  2 fire elementals (Volcano)
  The ghost of indyram44 the Insei, an amateur DsBe of Trog (D:4)
  A steam dragon (Lair:6)
  5 vampire mosquitoes
  4 wargs
  3 hell hounds (Lair:6)
  An ice beast (D:6)
  16 water moccasins
  33 orc warriors
  A black bear (D:9)
  3 sky beasts
  9 ogres
  31 wolves
  18 centaurs
  3 kobold brigands
  10 bullfrogs
  A water moccasin zombie (D:7)
  2 scorpions
  A water moccasin skeleton (D:4)
  11 killer bees
  2 wights (D:11)
  3 electric eels
  5 howler monkeys
  5 lava snakes (Lair:6)
  2 bullfrog zombies
  10 centaur zombies
  2 hounds
  3 iron imps (D:8)
  3 jellies
  6 orc priests
  A gnoll shaman (D:9)
  2 bullfrog skeletons
  9 centaur skeletons
  2 iguanas
  14 orc wizards
  6 hell rats
  A hound skeleton (D:4)
  3 howler monkey zombies
  8 gnolls
  2 adders
  4 howler monkey skeletons
  2 shadow imps
  3 ufetubi
  A worm (D:2)
  3 dart slugs
  58 orcs
  7 ball pythons
  10 endoplasms
  2 giant cockroaches
  5 goblins
  3 hobgoblins
  6 jackals
  15 kobolds
  7 quokkas
  4 bats
  A frilled lizard (D:1)
  12 rats
704 creatures vanquished.

Vanquished Creatures (collateral kills)
  An orc warlord (Orc:2)
  A boulder beetle (D:15)
  A cyclops (D:7)
  A slime creature (D:7)
  A vampire mosquito (D:15)
  3 orc warriors (Orc:2)
  A killer bee (D:7)
  A howler monkey (D:7)
10 creatures vanquished.

Vanquished Creatures (others)
  A komodo dragon (Lair:6)
  3 polar bears
  A yak (IceCv)
  An orc (Orc:2)
  A quokka (D:4)
  A butterfly (D:4)
  35 fungi
  47 plants
90 creatures vanquished.

Grand Total: 804 creatures vanquished

Notes
Turn   | Place    | Note
-------+----------+-------------------------------------------
     0 | D:1      | mandarbmax the Merfolk Berserker began the quest for the
                  | Orb.
     0 | D:1      | Reached XP level 1. HP: 18/18 MP: 1/1
    95 | D:1      | Found a faded altar of an unknown god.
   204 | D:1      | Reached skill level 5 in Polearms
   204 | D:1      | Reached XP level 2. HP: 18/24 MP: 2/2
   445 | D:1      | Reached ** piety under Trog
   446 | D:1      | Reached XP level 3. HP: 29/29 MP: 3/3
   492 | D:1      | Reached skill level 6 in Polearms
  1328 | D:2      | Reached XP level 4. HP: 35/35 MP: 4/4
  1494 | D:3      | Reached skill level 7 in Polearms
  1718 | D:3      | Reached skill level 8 in Polearms
  1718 | D:3      | Reached XP level 5. HP: 41/41 MP: 5/5
  2457 | D:4      | Reached skill level 9 in Polearms
  2462 | D:4      | Reached XP level 6. HP: 34/47 MP: 6/6
  2646 | D:4      | Found Gejous's Antique Armour Boutique.
  2655 | D:4      | Reached *** piety under Trog
  2782 | D:4      | Found a glowing silver altar of Zin.
  2983 | D:4      | Noticed a sky beast
  2994 | D:4      | Killed a sky beast
  2995 | D:4      | Reached skill level 10 in Polearms
  3213 | D:4      | Found a white marble altar of Elyvilon.
  3252 | D:4      | Reached XP level 7. HP: 52/52 MP: 7/7
  3450 | D:4      | Found a runed translucent door.
  3519 | D:4      | Noticed indyram44's ghost (amateur DsBe)
  3779 | D:5      | Entered Level 5 of the Dungeon
  3794 | D:5      | Reached skill level 11 in Polearms
  4150 | D:5      | Found a radiant altar of Vehumet.
  4157 | D:5      | Reached skill level 12 in Polearms
  4321 | D:5      | Found an iron altar of Okawaru.
  4487 | D:5      | Found a staircase to the Ecumenical Temple.
  4538 | D:6      | Reached XP level 8. HP: 58/58 MP: 8/8
  4541 | D:6      | Reached skill level 13 in Polearms
  4752 | D:4      | Killed indyram44's ghost
  5203 | D:6      | Noticed a shadow
  5210 | D:6      | Killed a shadow
  5211 | D:6      | Reached skill level 14 in Polearms
  5295 | D:6      | Found Vutut's Weapon Boutique.
  5369 | D:6      | Found Sasiec's Neck Hole.
  5709 | D:6      | Found a hazy altar of Hepliaklqana.
  5929 | D:7      | Reached skill level 15 in Polearms
  5971 | D:7      | Noticed Harold
  5988 | D:7      | Killed Harold
  5989 | D:7      | Reached XP level 9. HP: 35/66 MP: 3/9
  6230 | D:7      | Noticed a cyclops
  6251 | D:7      | Reached **** piety under Trog
  6602 | D:7      | Reached skill level 5 in Fighting
  7003 | D:7      | Killed a cyclops
  7244 | D:4      | Bought a glowing chain mail for 210 gold pieces
  7244 | D:4      | Bought an embroidered scarf for 224 gold pieces
  7441 | D:8      | Found a shadowy altar of Dithmenos.
  8035 | D:8      | Found a burning altar of Makhleb.
  8066 | D:8      | Reached XP level 10. HP: 64/76 MP: 7/10
  8310 | D:9      | Found a broken altar of Ashenzari.
  8355 | D:9      | Reached skill level 10 in Dodging
  8358 | D:9      | Noticed Psyche
  8370 | D:9      | Killed Psyche
  8515 | D:9      | Found a basalt altar of Yredelemnul.
  8515 | D:9      | Found Rucvoeme's Antique Armour Shoppe.
  8557 | D:9      | Found a staircase to the Lair.
  8562 | D:9      | Noticed an elephant
  8652 | D:9      | Killed an elephant
  9121 | D:9      | Found a sparkling altar of Nemelex Xobeh.
  9138 | D:9      | Noticed a two-headed ogre
  9151 | D:9      | Killed a two-headed ogre
  9557 | D:9      | Noticed Grum
  9586 | D:9      | Killed Grum
  9736 | D:10     | Entered Level 10 of the Dungeon
  9765 | D:10     | Noticed a boulder beetle
  9765 | D:10     | Noticed a boulder beetle
  9835 | Lair:1   | Entered Level 1 of the Lair of Beasts
  9853 | Lair:1   | Reached XP level 11. HP: 87/87 MP: 11/11
 10141 | Lair:1   | Found a runed translucent gate.
 10141 | Lair:1   | Found a runed translucent gate.
 10142 | Lair:1   | Found a runed translucent gate.
 10142 | Lair:1   | Noticed a spectral death yak
 10178 | Lair:1   | Noticed a spectral death yak
 10181 | Lair:1   | Noticed atabob's ghost (journeyman GnWn)
 10481 | Lair:1   | Noticed an oklob plant
 10494 | Lair:1   | Killed an oklob plant
 10530 | Lair:1   | Noticed an oklob plant
 10535 | Lair:1   | Noticed an oklob plant
 10552 | Lair:1   | Killed an oklob plant
 10598 | Lair:1   | Noticed an oklob plant
 10615 | Lair:1   | Killed an oklob plant
 10675 | Lair:1   | Killed an oklob plant
 11036 | Lair:2   | Reached skill level 15 in Dodging
 11211 | Lair:2   | Reached skill level 10 in Fighting
 11812 | Lair:2   | Reached XP level 12. HP: 77/98 MP: 10/12
 12091 | Lair:2   | Noticed a boulder beetle
 12108 | Lair:2   | Killed a boulder beetle
 12289 | Lair:3   | Noticed a five-headed hydra
 12293 | Lair:3   | Noticed Urug
 12321 | Lair:2   | Killed Urug
 12492 | Lair:3   | Killed a five-headed hydra
 12498 | Lair:3   | Reached ***** piety under Trog
 12668 | Lair:3   | Noticed a death yak
 12668 | Lair:3   | Noticed a death yak
 12668 | Lair:3   | Noticed a death yak
 12669 | Lair:3   | Noticed a death yak
 12669 | Lair:3   | Noticed a death yak
 12669 | Lair:3   | Noticed a death yak
 12685 | Lair:3   | Killed a death yak
 12693 | Lair:3   | Killed a death yak
 12706 | Lair:3   | Killed a death yak
 12716 | Lair:3   | Killed a death yak
 12725 | Lair:3   | HP: 4/100 [death yak (19)]
 13135 | Lair:2   | Killed a death yak
 13292 | Lair:3   | Noticed Prince Ribbit
 13301 | Lair:2   | Killed Prince Ribbit
 13419 | Lair:3   | Noticed a boulder beetle
 13438 | Lair:2   | Killed a boulder beetle
 13793 | Lair:3   | Killed a death yak
 14074 | Lair:3   | Found a hole to the Spider Nest.
 14104 | Lair:3   | Noticed Ruicvywi's ghost (journeyman OgTm)
 14127 | Lair:3   | Noticed Sonja
 14135 | Lair:3   | Killed Sonja
 14136 | Lair:3   | Reached XP level 13. HP: 108/108 MP: 13/13
 14735 | Lair:3   | Found a staircase to the Shoals.
 14761 | Lair:3   | Received a gift from Trog
 14971 | Lair:3   | Found a runed translucent door.
 15172 | Lair:3   | Killed Ruicvywi's ghost
 15634 | Lair:4   | Reached skill level 1 in Stealth
 15708 | Lair:4   | Reached skill level 1 in Evocations
 16598 | Lair:5   | Reached skill level 1 in Throwing
 17044 | Lair:5   | Identified the +2 robe of Resourcefulness {rPois Archmagi}
 17068 | Lair:5   | Reached XP level 14. HP: 112/118 MP: 12/14
 17212 | Lair:5   | Found a staircase to the Slime Pits.
 17370 | Lair:5   | Identified the ring "Hacisy" {rF+ Str+2 Int+6}
 17585 | Lair:6   | Entered Level 6 of the Lair of Beasts
 17739 | Lair:6   | Reached skill level 5 in Stealth
 17848 | Lair:6   | Reached skill level 5 in Armour
 18308 | Lair:5   | Reached skill level 5 in Evocations
 19068 | Lair:6   | Got the Incunabulum of the Frostbite
 19335 | Lair:6   | Reached skill level 5 in Throwing
 19600 | Lair:6   | Found a large runed translucent door.
 19604 | Lair:6   | Found a large runed translucent door.
 19608 | Lair:6   | Received a gift from Trog
 20641 | D:9      | Bought an ancient ring mail for 216 gold pieces
 20641 | D:9      | Identified the +5 ring mail of Parlour Games {rElec rPois
                  | rC+ Int-3} (You bought it in a shop on level 9 of the
                  | Dungeon)
 20877 | D:10     | Reached XP level 15. HP: 123/123 MP: 15/15
 21096 | D:10     | Reached skill level 16 in Polearms
 21631 | D:10     | Found a glowing golden altar of the Shining One.
 21631 | D:10     | Found a hide-covered altar of Uskayaw.
 22531 | D:11     | Reached skill level 17 in Polearms
 22533 | D:11     | Noticed Josephine
 22563 | D:11     | Killed Josephine
 22897 | D:11     | Reached skill level 18 in Polearms
 22901 | D:11     | Identified the ring of the Circus Animal {AC+4 Dex+3}
 23060 | D:11     | Found a runed translucent door.
 23064 | D:11     | Noticed Aneyh's ghost (journeyman HuMo)
 23065 | D:11     | Identified the +5 trident "Newtbane" {venom, rF+ Will+
                  | Str+3}
 23203 | D:11     | Found a portal to a secret trove of treasure.
 23380 | D:11     | Received a gift from Trog
 23510 | D:11     | Killed Aneyh's ghost
 23570 | D:12     | Found a shimmering altar of Xom.
 23572 | D:12     | Found a shimmering altar of Xom.
 23572 | D:12     | Found a shimmering altar of Xom.
 23572 | D:12     | Found a shimmering altar of Xom.
 23572 | D:12     | Found a shimmering altar of Xom.
 23573 | D:12     | Found a shimmering altar of Xom.
 23652 | D:12     | Reached skill level 19 in Polearms
 23653 | D:12     | Found a frozen archway.
 23677 | IceCv    | Entered an ice cave
 24413 | IceCv    | Identified a scroll of acquirement
 24413 | IceCv    | Acquired a +1 helmet of see invisible
 24843 | IceCv    | Noticed a frost giant
 24868 | IceCv    | Reached skill level 20 in Polearms
 24874 | IceCv    | Killed a frost giant
 24874 | IceCv    | Reached ****** piety under Trog
 24875 | IceCv    | Reached XP level 16. HP: 130/130 MP: 16/16
 24948 | IceCv    | Identified the ring "Barasuvo" {rC+ Int+2 Slay+2}
 25238 | D:12     | Found a staircase to the Orcish Mines.
 25390 | D:12     | Received a gift from Trog
 26226 | D:13     | Noticed Erolcha
 26232 | D:13     | Paralysed by Erolcha for 2 turns
 26235 | D:13     | Killed Erolcha
 26277 | D:13     | Noticed Snorg
 26286 | D:13     | Killed Snorg
 27553 | D:14     | Found a gate to the Vaults.
 27575 | D:14     | Found a shadowy altar of Dithmenos.
 27664 | Orc:1    | Entered Level 1 of the Orcish Mines
 27696 | Orc:1    | Noticed Erica
 27703 | Orc:1    | Killed Erica
 27765 | Orc:1    | Found a dark tunnel.
 27773 | Volcano  | Entered a volcano
 27812 | Volcano  | Identified the +6 scimitar of Context {flame, Dex+2}
 28250 | Orc:2    | Entered Level 2 of the Orcish Mines
 28280 | Orc:2    | Received a gift from Trog
 28922 | Orc:2    | Found a staircase to the Elven Halls.
 28949 | Orc:2    | Identified the +5 chain mail "Ugeorang" {Drain rPois
                  | Will+++ SInv}
 29015 | Orc:2    | Found Muogip's General Store.
 29015 | Orc:2    | Found Giq Losup's Weapon Boutique.
 29015 | Orc:2    | Found Mubear's Book Shop.
 29018 | Orc:2    | Found Cawnouni's Armour Shoppe.
 29421 | Orc:2    | Bought the -2 hat of the Alchemist {rElec rPois rF+ rC+ rN+
                  | Will+ rMut rCorr} for 708 gold pieces
 29421 | Orc:2    | Found the -2 hat of the Alchemist {rElec rPois rF+ rC+ rN+
                  | Will+ rMut rCorr}
 29467 | Orc:2    | Bought a box of beasts for 600 gold pieces
 29467 | Orc:2    | Bought a potion of haste for 150 gold pieces
 29467 | Orc:2    | Bought a scroll of blinking for 112 gold pieces
 29467 | Orc:2    | Bought a potion of curing for 45 gold pieces
 29621 | D:15     | Entered Level 15 of the Dungeon
 29736 | D:15     | HP: 2/132 [19-headed hydra (10)]
 29736 | D:15     | Slain by a 19-headed hydra

Illustrated notes

Levels and vault maps discovered:
D:1:      amcnicky_arrival_single_pillar, layout_rooms,
          hellmonk_ecumenical_altar_pennies_from_heaven,
          minmay_misc_feat_pillars, minmay_rat_gold_closets
D:2:      layout_basic, minmay_misc_feat_iff
D:3:      layout_loops_ring, serial_aquarium, aquarium_bridge_straight
          [aquarium_subvault_bridge, aquarium_subvault_wall,
          aquarium_subvault_bridge, aquarium_subvault_window],
          aquarium_window_1, aquarium_window_fake, aquarium_window_2,
          aquarium_window_corridor_2, aquarium_view_2a, aquarium_view_2d,
          mrwooster_statue_mirror
D:4:      kennysheep_big_flooded_room, layout_basic, marbit_many_paths,
          nicolae_elyvilon_peaceful_grove, ebering_ghost_reflecting_pool,
          serial_shops, shop, lemuel_flame_loot_1
D:5:      layout_loops_ring, old_standard_altar, okawaru_gym_becter,
          temple_green, corner_web_ring, nrook_mini_backslash,
          minmay_strange_pillars
D:6:      layout_gridville, kennysheep_mini_moat, serial_shops, shop,
          nicolae_shop_sticking_my_neck_out
D:7:      layout_cave_pods, lightli_corner_chamber, uniq_harold
D:8:      layout_rooms, demons_altar, overflow_temple_1_default
D:9:      layout_gridville, lemuel_crystal_altar, lemuel_round_altar,
          lemuel_doored_altar, david_lair_generic, serial_shops,
          nicolae_shop_crystal, uniq_psyche, uniq_grum
D:10:     layout_roguey, gammafunk_temple_overflow_elements, minivault_28
D:11:     hangedman_screamer, layout_layer_cave, nicolae_trove_entry_isolated,
          ebering_ghost_funeral_grove
D:12:     layout_gridville, orc_0_dummy,
          portal_ice_cave_entry_animals_and_master, minmay_misc_feat_rugged,
          xom_shifter_show
D:13:     argonaut_augean_stables, layout_basic, the_hattery, uniq_snorg,
          uniq_erolcha
D:14:     cross_vault, layout_irregular_city, david_vaults_5,
          grunt_dithmenos_shadows
D:15:     gammafunk_enter_depths_forms, layout_loops_ring, fedhas_altar_3
Lair:1:   minmay_lair_oklob_tunnel, layout_misc_corridors,
          gammafunk_ghost_necromancy
Lair:2:   layout_gridlike
Lair:3:   layout_long_grid, elwin_shoals_entry_stream, spider_nest_entry_a,
          hellmonk_ghost_happy_afterlife, uniq_prince_ribbit2, uniq_sonja,
          uniq_urug
Lair:4:   layout_roguey, serial_bayou_shore_b
Lair:5:   layout_roguey, minmay_slime_entry_pillars
Lair:6:   cheibrodos_lair_end_hotspot, layout_small_grid, serial_bayou_lagoon_b
Orc:1:    layout_diamond_mine, nicolae_volcano_entry_s_turn, uniq_erica
Orc:2:    st_orc_rangers, layout_caves, elf_legates

Skill      XL: |  1  2  3  4  5  6  7  8  9 10 11 12 13 14 15 16 |
---------------+-------------------------------------------------+-----
Dodging        | 3 6 9 12 15 18 19 | 19.8
Polearms       | 5 6 8 9 10 12 15 20 | 20.0
Fighting       | 4 6 8 10 12 13 | 13.9
Armour         | 4 6 7 |  7.2
Stealth        | 4 8 |  8.0
Evocations     | 3 6 7 8 |  8.4
Throwing       | 2 6 |  6.0

Action                   |  1- 3 |  4- 6 |  7- 9 | 10-12 | 13-15 | 16-18 || total
-------------------------+-------+-------+-------+-------+-------+-------++-------
Melee: Spear             |   102 |   106 |   267 |   460 |       |       ||   935
       Demon trident     |       |       |       |   124 |  1083 |    11 ||  1218
       Tailslap          |       |       |       |       |     8 |       ||     8
       Glaive            |       |       |       |       |       |   306 ||   306
Throw: Boomerang         |       |    14 |    17 |     7 |    32 |       ||    70
       Dart              |       |       |    12 |    44 |    18 |       ||    74
Invok: Berserk           |     1 |     4 |    11 |    19 |    28 |     5 ||    68
       Brothers in Arms  |       |       |     1 |     1 |     1 |     3 ||     6
       Trog's Hand       |       |       |       |       |     3 |     2 ||     5
Evoke: Wand              |       |       |     2 |     5 |     2 |     1 ||    10
       Box of beasts     |       |       |       |       |       |     1 ||     1
  Use: Scroll            |       |     3 |     7 |     7 |    13 |     8 ||    38
       Potion            |       |       |       |     6 |       |     3 ||     9
 Stab: Sleeping          |     6 |       |       |     7 |    18 |    13 ||    44
       Distracted        |       |       |       |     1 |     4 |    11 ||    16
       Petrifying        |       |       |       |       |     2 |       ||     2
       Petrified         |       |       |       |       |     2 |       ||     2
Armor: Animal skin       |     7 |       |       |       |       |       ||     7
       Ring mail         |     1 |    26 |    16 |       |    38 |    76 ||   157
       Leather armour    |       |       |    20 |    45 |    39 |       ||   104
       Skin              |       |       |       |     7 |       |       ||     7
       Ice dragon scales |       |       |       |       |    17 |     2 ||    19
Dodge: Dodged            |    30 |    25 |    77 |   308 |   619 |   463 ||  1522
Block: Buckler           |       |       |     4 |    71 |   122 |       ||   197

Table legend: (Time is in decaauts)
 A = Elapsed time spent in this place.
 B = Non-inter-level travel time spent in this place.
 C = Inter-level travel time spent in this place.
 D = Time resting spent in this place.
 E = Time spent auto-exploring this place.
 F = Levels seen in this place.
 G = Mean time per level.
                   A        B        C        D        E       F      G
               +--------+--------+--------+--------+--------+-----+--------+
         Total |  29401 |  27830 |   1571 |   6502 |  17366 |  25 | 1176.0 |
       Dungeon |  15296 |  14321 |    975 |   2036 |  10468 |  15 | 1019.7 |
          Lair |  10816 |  10444 |    372 |   3506 |   5541 |   6 | 1802.7 |
  Orcish Mines |   1643 |   1420 |    223 |    161 |    874 |   2 |  821.5 |
      Ice Cave |   1469 |   1469 |      0 |    798 |    464 |   1 | 1469.0 |
       Volcano |    176 |    176 |      0 |      0 |     18 |   1 |  176.0 |
               +--------+--------+--------+--------+--------+-----+--------+

Top non-repeatable levels by time:
  Lair:2: 2393 daAuts
  Lair:6: 2227 daAuts
  Lair:5: 2003 daAuts
  Lair:3: 1702 daAuts
    D:11: 1583 daAuts
     D:4: 1541 daAuts
     D:9: 1514 daAuts
     D:7: 1495 daAuts
   IceCv: 1469 daAuts
    D:13: 1462 daAuts
  Lair:1: 1378 daAuts
    D:10: 1135 daAuts
  Lair:4: 1109 daAuts
   Orc:2: 1092 daAuts
     D:3: 1009 daAuts
